 Dungeon Crawl Stone Soup version 0.25.1-9-gc5326a611f (webtiles) character file.

Game seed: 14549725519678122697

235 GreyFruit the Magician (level 6, -3/37 HPs)
             Began as an Octopode Wizard on Dec 30, 2020.
             Slain by an orc priest
             ... wielding a +0 dagger
              (4 damage)
             ... on level 3 of the Dungeon.
             The game lasted 00:07:45 (5451 turns).

GreyFruit the Magician (Octopode Wizard)            Turns: 5451, Time: 00:07:46

Health: -3/37      AC:  1    Str:  6 (7)  XL:     6   Next: 5%
Magic:  2/12       EV: 13    Int: 19 (22) God:
Gold:   66         SH:  0    Dex:  9 (10) Spells: 13/14 levels left

rFire    . . .     SeeInvis .   e - +0 dagger
rCold    . . .     Gourm    .   (no shield)
rNeg     . . .     Faith    .   a - +0 hat
rPois    .         Spirit   .   (no amulet)
rElec    .         Reflect  .   (no ring)
rCorr    .         Harm     .   (no ring)
MR       .....                  (no ring)
Stlth    +++.......             (no ring)
HPRegen  0.12/turn              (no ring)
MPRegen  0.13/turn              (no ring)
                                (no ring)
                                (no ring)

@: flying
A: almost no armour, stealthy swim, amphibious, 8 rings, constrict 8, camouflage
1, gelatinous body 1
a: no special abilities


You were on level 3 of the Dungeon.
You were very hungry.

You visited 1 branch of the dungeon, and saw 3 of its levels.

You collected 66 gold pieces.

Inventory:

Hand Weapons
 e - a +0 dagger (weapon)
Armour
 a - a +0 hat (worn)
Jewellery
 k - a +4 ring of evasion {unknown}
 m - an uncursed amulet of regeneration {unknown}
Wands
 j - a wand of random effects (21)
Scrolls
 b - 5 scrolls of identify {unknown}
 d - 2 scrolls of enchant armour {unknown}
 g - 2 scrolls of magic mapping {unknown}
 h - a scroll of blinking {unknown}
 i - 3 scrolls of teleportation {unknown}
 l - a scroll of immolation {unknown}
 n - 2 scrolls of enchant weapon {unknown}
 o - 2 scrolls of remove curse {unknown}
Potions
 f - a potion of degeneration
Comestibles
 c - 5 rations


   Skills:
 + Level 0.9 Fighting
 + Level 1.0 Short Blades
 + Level 2.4 Dodging
 + Level 4.1 Stealth
 + Level 0.4 Unarmed Combat
 + Level 4.5 Spellcasting
 + Level 2.9 Conjurations
   Level 1.0 Summonings
   Level 1.0 Translocations


You had 13 spell levels left.
You knew the following spells:

 Your Spells              Type           Power        Failure   Level  Hunger
a - Magic Dart            Conj           ###.         3%          1    None

Your spell library contained the following spells:

 Spells                   Type           Power        Failure   Level  Hunger
 Blink                    Tloc           N/A          13%         2    #......
 Call Imp                 Summ           #.......     13%         2    #......
 Slow                     Hex            #.......     21%         2    #......
 Conjure Flame            Conj/Fire      #.......     22%         3    ###....
 Mephitic Cloud           Conj/Pois/Air  #.......     26%         3    ###....


Dungeon Overview and Level Annotations

Branches:
Dungeon (3/15)

Altars:
Ashenzari
Elyvilon
Nemelex Xobeh
Okawaru
Uskayaw
Vehumet


Innate Abilities, Weirdness & Mutations

You cannot wear most types of armour.
You are very stealthy in the water. (Stealth+)
You are amphibious.
You can wear up to eight rings at the same time.
You can use your tentacles to constrict eight enemies at once.
Your skin changes colour to match your surroundings (Stealth+).
Your rubbery body absorbs attacks. (AC +1, EV +1)


Message History

* * * LOW HITPOINT WARNING * * *
You hit the orc priest but do no damage.
The orc priest is lightly wounded.
You constrict the orc priest. The orc priest completely misses you.
You hit the orc priest but do no damage.
The orc priest is moderately wounded.
You constrict the orc priest.
The orc priest hits you with a +0 dagger.
* * * LOW HITPOINT WARNING * * *
You hit the orc priest but do no damage.
The orc priest is moderately wounded.
You constrict the orc priest.
The orc priest hits you with a +0 dagger.
* * * LOW HITPOINT WARNING * * *
It was a potion of flight.
You feel very buoyant.
You fly up into the air.
You constrict the orc priest, but do no damage.
The orc priest hits you with a +0 dagger.
You die...

#.####### ###.#.###.# #... #.#
##.#.# #.# ##.# #.# #....# #.#
#.# #.# #..### #.# ##'# # ##.##
#..# #.###... ## #...#####
#..#####<##.... .## #.......#
#........#.....
..###....##.########...####......
.)).[......)..oo@..>...>..'......
).####...##.########...####......
.## ###.###.# ##..# ##..... ##
#.......# ##.# ##.... # #.#######
#.# ##... #.# #.# ##'# #.# #.#
#.# #.# #.# #.# #.# #.########..


You could see an orc priest and an orc.

Vanquished Creatures
  An orc priest (D:3)
  2 orc wizards (D:3)
  Ijyb (D:2)
  Terence (D:3)
  Robin (D:3)
  2 oozes
  3 worms
  2 leopard geckos
  4 orcs (D:3)
  4 bats
  3 giant cockroaches
  13 goblins
  13 hobgoblins
  3 frilled lizards
  9 kobolds
  8 rats
70 creatures vanquished.

Notes
Turn   | Place    | Note
-------+----------+-------------------------------------------
     0 | D:1      | GreyFruit the Octopode Wizard began the quest for the Orb.
     0 | D:1      | Reached XP level 1. HP: 11/11 MP: 4/4
   264 | D:1      | Reached XP level 2. HP: 15/17 MP: 0/6
   975 | D:1      | Reached XP level 3. HP: 21/21 MP: 5/8
  1886 | D:2      | Found a hide-covered altar of Uskayaw.
  2259 | D:2      | Found a shattered altar of Ashenzari.
  3007 | D:3      | Noticed Terence
  3024 | D:3      | Killed Terence
  3024 | D:3      | Reached XP level 4. HP: 16/27 MP: 9/9
  4023 | D:3      | Noticed Robin
  4396 | D:3      | Found a sparkling altar of Nemelex Xobeh.
  4397 | D:3      | Found a radiant altar of Vehumet.
  4397 | D:3      | Found a white marble altar of Elyvilon.
  4397 | D:3      | Found an iron altar of Okawaru.
  4438 | D:3      | Killed Robin
  4481 | D:3      | Reached XP level 5. HP: 21/32 MP: 1/11
  4730 | D:3      | Noticed Ijyb
  5146 | D:2      | Killed Ijyb
  5146 | D:2      | Reached skill level 1 in Short Blades
  5442 | D:3      | Reached XP level 6. HP: 17/37 MP: 0/12
  5450 | D:3      | HP: 1/37 [orc priest/+0 dagger (3)]
  5451 | D:3      | Slain by an orc priest

Illustrated notes

Levels and vault maps discovered:
D:1:      dpeg_arrival_stone_temple_mockup, layout_basic, grunt_decor_resistance
D:2:      layout_rooms, nicolae_ashenzari_panopticon, overflow_temple_1_default
D:3:      layout_loops_corners, chequers_temple_overflow_statue_of_worship,
          uniq_ijyb, uniq_terence, uniq_robin

Skill      XL: |  1  2  3  4  5 |
---------------+----------------+-----
Stealth        | 3 4 |  4.1
Conjurations   | 2 |  2.9
Spellcasting   | 4 |  4.5
Short Blades   | 1 |  1.0
Fighting       | |  0.9
Dodging        | |  2.4
Unarmed Combat | |  0.4
Summonings     | |  1.0
Translocations | |  1.0

Action                   |  1- 3 |  4- 6 || total
-------------------------+-------+-------++-------
Melee: Unarmed           |     6 |       ||     6
       Dagger            |    35 |    79 ||   114
       Constrict         |     6 |    13 ||    19
       Tentacles         |     3 |     9 ||    12
 Cast: Magic Dart        |   109 |    89 ||   198
  Use: Potion            |       |     4 ||     4
 Stab: Sleeping          |     4 |       ||     4
  Eat: Chunk             |     4 |     5 ||     9
       Ration            |     1 |       ||     1
Armor: Skin              |     3 |     4 ||     7
Dodge: Dodged            |    36 |    35 ||    71
